 Dungeon Crawl Stone Soup version 0.30-a0-1157-g2cc9ac7196 (webtiles) character file.

Game seed: 18430220313741481903

773 Dittersdorf the Trooper (level 7, -2/45 HPs)
             Began as a Gargoyle Fighter on Apr 24, 2023.
             Slain by an ogre
             ... wielding a +0 giant spiked club
              (5 damage)
             ... on level 5 of the Dungeon.
             The game lasted 00:04:53 (4279 turns).

Dittersdorf the Trooper (Gargoyle Fighter)          Turns: 4279, Time: 00:04:53

Health: -2/45      AC: 17    Str: 22    XL:     7   Next: 83%
Magic:  7/7        EV:  7    Int:  8    God:
Gold:   201        SH:  9    Dex:  9    Spells: 6/6 levels left

rFire   . . .        a - +0 flail
rCold   . . .        p - +1 kite shield
rNeg    + . .        t - +0 chain mail
rPois   ∞            (no helmet)
rElec   +            o - +0 cloak
rCorr   .            q - +0 pair of gloves
SInv    .            (no boots)
Will    ++...        (no amulet) Stlth
                     e - ring of willpower
HPRegen 0.27/turn    s - ring of willpower
MPRegen 0.10/turn

%: no passive effects
@: no status effects
A: sickness immunity, AC +4, negative energy resistance 1, electricity
resistance, torment resistance 1, petrification resistance
a: no special abilities


You were on level 5 of the Dungeon.
You visited 1 branch of the dungeon, and saw 5 of its levels.

You collected 201 gold pieces.

Inventory:

Hand Weapons
 a - a +0 flail (weapon)
Armour
 o - a +0 cloak (worn)
 p - a +1 kite shield (worn)
 q - a +0 pair of gloves (worn)
 t - a +0 chain mail (worn)
Jewellery
 e - a ring of willpower (left hand)
 s - a ring of willpower (right hand)
Potions
 d - a potion of might
 f - 2 potions of heal wounds {unknown}
 h - a potion of cancellation {unknown}
 i - a potion of flight
 j - a potion of berserk rage
 r - 2 potions of curing


   Skills:
 + Level 5.7 Fighting
 + Level 4.5 Maces & Flails
 + Level 5.6 Armour
 + Level 5.6 Shields


You had 6 spell levels left.
You didn't know any spells.
Your spell library contained the following spells:

 Spells                   Type           Power      Damage    Failure   Level
 Kiss of Death            Conj/Necr      0%         2d5       99%         1
 Poisonous Vapours        Pois/Air       0%         N/A       100%        2
 Arcjolt                  Conj/Air       0%         1d10      100%        5
 Silence                  Hex/Air        0%         N/A       100%        5


Dungeon Overview and Level Annotations

Branches:
Dungeon (5/15)
 Temple: D:4-7

Altars:
Cheibriados
Fedhas

Annotations:
D:3 3 runed translucent doors, oldplebian's ghost, weakling HuCA


Innate Abilities, Weirdness & Mutations

You are immune to sickness and miasma.
Your stone body is resilient. (AC +4)
You are immune to poison.
You resist negative energy. (rN+)
You are resistant to electric shocks. (rElec)
You are resistant to unholy torment.
You are immune to petrification.


Message History

Your +0 kite shield glows green for a moment.
An ogre comes into view. It is wielding a +0 giant spiked club.
The ogre shouts!
You hear a shout! x3
You closely miss the ogre. The ogre barely misses you.
You hit the ogre.
The ogre is lightly wounded.
You block the ogre's attack.
You hit the ogre.
The ogre is moderately wounded.
You barely miss the ogre.
The ogre is moderately wounded.
The ogre hits you with a +0 giant spiked club!!
Ouch! That really hurt!
You are too injured to fight recklessly!
You are too injured to fight recklessly!
You are too injured to fight recklessly!
You are too injured to fight recklessly!
You are too injured to fight recklessly!
You are too injured to fight recklessly!
You are too injured to fight recklessly!
You are too injured to fight recklessly!
You are too injured to fight recklessly!
You are too injured to fight recklessly!
You are too injured to fight recklessly!
You are too injured to fight recklessly!
You are too injured to fight recklessly!
You are too injured to fight recklessly!
You are too injured to fight recklessly!
You are too injured to fight recklessly!
You barely miss the ogre.
The ogre is moderately wounded.
You block the ogre's attack.
You sock the ogre!
The ogre is severely wounded.
The ogre hits you with a +0 giant spiked club!
* * * LOW HITPOINT WARNING * * *
You hit the ogre.
The ogre is almost dead.
The ogre hits you with a +0 giant spiked club.
You die...

# ## #. . . #..#.
#.##.###...###
..#........O.#
#.#.# ####@###.# #
#.#.# #........#
#.###.#.#
#.##.#####
........#####.##.#
#................#
#####.<.#####.####
#...# #.# #...#
#.# #...# #.#


You could see an ogre.

Vanquished Creatures
  3 ogres
  A black bear (D:4)
  A centaur (D:3)
  A scorpion (D:4)
  A hound (D:4)
  An iguana (D:2)
  Natasha (thrice) (D:3)
  Terence (D:1)
  3 gnolls (D:4)
  3 adders
  3 worms (D:2)
  2 dart slugs
  An orc (D:3)
  11 ball pythons
  6 endoplasms
  6 giant cockroaches
  7 hobgoblins
  2 quokkas
  7 bats
  15 frilled lizards
  4 goblins
  3 kobolds
  6 rats
91 creatures vanquished.

Notes
Turn   | Place    | Note
-------+----------+-------------------------------------------
     0 | D:1      | Dittersdorf the Gargoyle Fighter began the quest for the
                  | Orb.
     0 | D:1      | Reached XP level 1. HP: 14/14 MP: 1/1
    85 | D:1      | Reached XP level 2. HP: 19/19 MP: 2/2
   326 | D:1      | Reached XP level 3. HP: 21/24 MP: 3/3
   662 | D:2      | Noticed Terence
   678 | D:1      | Killed Terence
   679 | D:1      | Reached XP level 4. HP: 16/29 MP: 4/4
  1069 | D:2      | Reached XP level 5. HP: 31/33 MP: 5/5
  1307 | D:2      | You fall into a shaft and drop 1 floor!
  1325 | D:3      | Noticed a centaur
  1336 | D:3      | Got the Grimoire of Atmospheric Corpses
  1350 | D:3      | Killed a centaur
  1417 | D:3      | Noticed oldplebian's ghost (weakling HuCA)
  1418 | D:3      | Identified the +6 long sword of Tumytz {vamp, rPois}
  1429 | D:3      | Found a runed translucent gate.
  1429 | D:3      | Found a runed translucent gate.
  1429 | D:3      | Found a runed translucent gate.
  1716 | D:3      | Noticed Natasha
  1734 | D:3      | Killed Natasha
  1735 | D:3      | Reached XP level 6. HP: 23/39 MP: 6/6
  2291 | D:3      | Noticed Natasha
  2314 | D:3      | Killed Natasha
  2620 | D:3      | Noticed Natasha
  2629 | D:3      | Killed Natasha
  3091 | D:4      | Found a blossoming altar of Fedhas.
  3094 | D:4      | Identified the +5 spear "Lailow" {drain, rElec Str+4 Int+3}
  3274 | D:4      | Found a snail-covered altar of Cheibriados.
  3312 | D:4      | Reached skill level 5 in Fighting
  3312 | D:4      | Reached skill level 5 in Armour
  3312 | D:4      | Reached skill level 5 in Shields
  3416 | D:4      | Reached XP level 7. HP: 17/44 MP: 7/7
  3516 | D:4      | Found the +6 shillelagh "Devastator" {shatter}
  4204 | D:5      | Entered Level 5 of the Dungeon
  4279 | D:5      | Slain by an ogre

Illustrated notes

Levels and vault maps discovered:
D:1:      lightli_arrival_flooded_house, layout_rooms, hex_intersection,
          minmay_lizard_pond
D:2:      layout_rooms, uniq_terence
D:3:      layout_basic, gammafunk_ghost_split, uniq_natasha
D:4:      layout_loops_ring, old_standard_altar, overflow_temple_1_default,
          dilly_guarded_unrand_devastator
D:5:      layout_loops_ring, roderic_roman_lattice

Skill      XL: |  1  2  3  4  5  6 |
---------------+-------------------+-----
Fighting       | 4 5 |  5.7
Armour         | 4 5 |  5.6
Shields        | 4 5 |  5.6
Maces & Flails | 3 4 |  4.5

Action                     |  1- 3 |  4- 6 |  7- 9 || total
---------------------------+-------+-------+-------++-------
  Melee: Flail             |   133 |   220 |    37 ||   390
    Use: Scroll            |       |       |     8 ||     8
 Armour: Scale mail        |    87 |   140 |     7 ||   234
  Dodge: Dodged            |    93 |   103 |    14 ||   210
  Block: Buckler           |    33 |    29 |       ||    62
         Kite shield       |       |    57 |    16 ||    73

Table legend: (Time is in decaauts)
 A = Elapsed time spent in this place.
 B = Non-inter-level travel time spent in this place.
 C = Inter-level travel time spent in this place.
 D = Time resting spent in this place.
 E = Time spent auto-exploring this place.
 F = Levels seen in this place.
 G = Mean time per level.
                   A        B        C        D        E       F      G
               +--------+--------+--------+--------+--------+-----+--------+
         Total |   4402 |   4271 |    131 |    203 |   3131 |   5 |  880.4 |
       Dungeon |   4402 |   4271 |    131 |    203 |   3131 |   5 |  880.4 |
               +--------+--------+--------+--------+--------+-----+--------+

Top non-repeatable levels by time:
     D:3: 1813 daAuts
     D:4: 1063 daAuts
     D:1: 755 daAuts
     D:2: 693 daAuts
     D:5: 76 daAuts
